 Dungeon Crawl Stone Soup version 0.20.1-1-g8b1a95d (webtiles) character file.

158 Monsterracer the Insei (level 5, 0/37 HPs)
             Began as a Barachi Transmuter on Oct 18, 2017.
             Slain by an orc
             ... wielding a +0 hand axe
              (3 damage)
             ... while paralysed by Grinder
             ... on level 3 of the Dungeon.
             The game lasted 00:04:33 (2687 turns).

Monsterracer the Insei (Barachi Transmuter)         Turns: 2687, Time: 00:04:34

Health: 0/37       AC:  2    Str: 11    XL:     5   Next: 40%
Magic:  8/8        EV:  2    Int: 15    God:
Gold:   131        SH:  0    Dex: 12    Spells: 2/8 levels left

rFire    . . .     SeeInvis .     - Unarmed
rCold    . . .     Gourm    .   (no shield)
rNeg     . . .     Faith    .   b - +0 robe
rPois    .         Spirit   .   (no helmet)
rElec    .         Reflect  .   (no cloak)
rCorr    .         Harm     .   (no gloves)
MR       .....                  (no boots)
Stlth    +.........             (no amulet)
Regen    0.2/turn               (no ring)
MPRegen  0.2/turn               (no ring)

@: paralysed, can't hop, slow
A: +LOS, swims, slowness 1, strong legs 1
a: Hop


You were on level 3 of the Dungeon.
You were not hungry.

You visited 1 branch of the dungeon, and saw 3 of its levels.

You collected 131 gold pieces.

Inventory:

Missiles
 a - 39 arrows
Armour
 b - a +0 robe (worn)
 o - a +3 leather armour
Scrolls
 e - a scroll of immolation {unknown}
 g - 5 scrolls of identify {unknown}
 k - a scroll of random uselessness {unknown}
 m - a scroll of remove curse {unknown}
 p - 2 scrolls of teleportation {unknown}
Potions
 f - 2 potions of curing
 h - a potion of ambrosia
 j - a potion of haste {unknown}
 l - 2 potions of heal wounds {unknown}
 n - a potion of mutation {unknown}
Books
 c - a book of Changes

   Spells                             Type                      Level
   a - Beastly Appendage              Transmutation                1
   b - Sticks to Snakes               Transmutation                2
   c - Spider Form                    Transmutation/Poison         3
   d - Ice Form                       Ice/Transmutation            4
   e - Blade Hands                    Transmutation                5
Comestibles
 d - 2 bread rations
 i - a royal jelly
 q - a meat ration


   Skills:
 - Level 1.2 Fighting
 - Level 2.1 Dodging
 + Level 5.0 Unarmed Combat
 - Level 2.1 Spellcasting
 + Level 4.5 Transmutations


You had 2 spell levels left.
You knew the following spells:

 Your Spells              Type           Power        Failure   Level  Hunger
a - Beastly Appendage     Tmut           ###...       3%          1    #......
b - Sticks to Snakes      Tmut           ###.....     4%          2    ###....
c - Spider Form           Tmut/Pois      #.........   26%         3    ###....


Dungeon Overview and Level Annotations

Branches:
Dungeon (3/15)

Altars:
Ashenzari
Dithmenos
Hepliaklqana

Annotations:
D:3 Grinder


Innate Abilities, Weirdness & Mutations

Shadows flee at your approach. (+LOS)
You can swim through water.
You cover ground slowly.
You can hop short distances.


Message History

Grinder gestures at you. Pain shoots through your body!
A quokka and an orc come into view.
Huge Dmg: -30%(-11hp) hp: 52%(19hp) Unknown command.
You hit Grinder.
Grinder is lightly wounded.
Your ball python bites Grinder but does no damage.
Your ball python constricts Grinder.
The quokka moves out of view.
Grinder barely misses you.
You hit Grinder.
Grinder is moderately wounded.
Your ball python barely misses Grinder.
Your ball python constricts Grinder.
Grinder closely misses you.
You hit Grinder.
Grinder is moderately wounded.
Your ball python bites Grinder but does no damage.
Your ball python constricts Grinder.
Grinder barely misses you.
Your ball python bites Grinder.
Your ball python constricts Grinder.
You hit Grinder.
Grinder is heavily wounded.
Your ball python bites Grinder.
Your ball python constricts Grinder.
You hit Grinder but do no damage.
Grinder is heavily wounded.
Grinder gestures at you.
You barely resist.
Your ball python bites Grinder but does no damage.
Your ball python constricts Grinder.
A goblin comes into view. It is wielding a dagger of venom.
You hit Grinder but do no damage.
Grinder is heavily wounded.
Grinder barely misses you.
Your ball python bites Grinder.
Your ball python constricts Grinder.
You hit Grinder. You headbutt Grinder, but do no damage.
Grinder is heavily wounded.
Grinder hits you.
* * * LOW HITPOINT WARNING * * *
You writhe in agony.
* * * LOW HITPOINT WARNING * * *
Your ball python bites Grinder.
Your ball python constricts Grinder.
Huge Dmg: -19%(-7hp) hp: 36%(13hp) Unknown command.
You hit Grinder but do no damage.
Grinder is severely wounded.
Your transformation is almost over.
Your ball python bites Grinder but does no damage.
Your ball python constricts Grinder.
Grinder hits your ball python!
Your ball python dies!
Grinder shouts!
You hit Grinder but do no damage.
Grinder is severely wounded.
Grinder hits you!
* * * LOW HITPOINT WARNING * * *
You writhe in agony.
* * * LOW HITPOINT WARNING * * *
Huge Dmg: -27%(-10hp) hp: 9%(3hp) Hop to where?
Press: ? - help, Dir - move target cursor Boing!
Your ball python bites the orc.
Your ball python grabs the orc.
Your ball python constricts the orc.
The orc hits your ball python with a flail!
Your ball python dies!
Okay, then.
It was a potion of ambrosia.
You are confused.
You feel invigorated. Grinder completely misses you.
You hit the orc. You headbutt the orc.
You kill the orc!
Your life force feels restored.
Grinder hits you!
* * * LOW HITPOINT WARNING * * *
You writhe in agony.
* * * LOW HITPOINT WARNING * * *
Huge Dmg: -11%(-4hp) hp: 41%(15hp) Unknown command.
You're too confused to move!
Grinder gestures at you.
You suddenly lose the ability to move!
The orc hits you with a hand axe.
* * * LOW HITPOINT WARNING * * *
Your horns disappear.
Grinder hits you.
* * * LOW HITPOINT WARNING * * *
You writhe in agony.
* * * LOW HITPOINT WARNING * * *
The orc hits you but does no damage. The orc hits you with a club.
* * * LOW HITPOINT WARNING * * *
The orc hits you with a hand axe.
* * * LOW HITPOINT WARNING * * *
You feel less invigorated.
You feel less confused. Grinder hits you.
* * * LOW HITPOINT WARNING * * *
You writhe in agony.
* * * LOW HITPOINT WARNING * * *
The orc hits you with a club.
* * * LOW HITPOINT WARNING * * *
The orc hits you with a club.
* * * LOW HITPOINT WARNING * * *
The orc hits you with a hand axe.
You die...

##.....#####.##.###
#.......####....#
#.......#....####
#.........##.### .
##...._...##...# ###.#
##....8..###...# ##...
#....._..###...####...####
#...........oo........./..
#.......####@5r.........##
##.....## #go.##.....!...
##...## #.....######...
##### #...#.....#
#...#####..# ##### ... #.


You could see Grinder, 3 orcs, a quokka and a goblin.

Vanquished Creatures
  An orc priest (D:3)
  An orc wizard (D:3)
  An adder (D:2)
  An ooze (D:1)
  2 adder zombies (D:2)
  An adder skeleton (D:2)
  2 worms (D:2)
  3 dart slugs
  A leopard gecko (D:2)
  3 orcs (D:3)
  A bat skeleton (D:2)
  4 giant cockroaches
  6 goblins
  5 hobgoblins (D:2)
  8 jackals
  A quokka (D:2)
  2 ball pythons
  7 bats
  3 frilled lizards
  A giant cockroach zombie (D:2)
  3 kobolds
  A quokka skeleton (D:2)
  A quokka zombie (D:2)
  6 rats
65 creatures vanquished.

Notes
Turn   | Place    | Note
-------+----------+-------------------------------------------
     0 | D:1      | Monsterracer the Barachi Transmuter began the quest for the Orb.
     0 | D:1      | Reached XP level 1. HP: 15/15 MP: 3/3
   366 | D:1      | Reached XP level 2. HP: 17/21 MP: 5/5
   370 | D:1      | Learned a level 2 spell: Sticks to Snakes
   732 | D:1      | HP: 10/21 [goblin/club (4)]
  1178 | D:1      | Reached skill level 4 in Unarmed Combat
  1178 | D:1      | Reached XP level 3. HP: 23/26 MP: 6/6
  1183 | D:1      | Learned a level 3 spell: Spider Form
  1502 | D:2      | HP: 13/26 [adder (2)]
  1507 | D:2      | HP: 12/26 [kobold (3)]
  1866 | D:2      | Reached XP level 4. HP: 31/32 MP: 3/7
  2232 | D:2      | Found a shadowy altar of Dithmenos.
  2431 | D:3      | Reached XP level 5. HP: 36/37 MP: 4/8
  2436 | D:3      | Reached skill level 5 in Unarmed Combat
  2626 | D:3      | Found a shattered altar of Ashenzari.
  2635 | D:3      | Found a hazy altar of Hepliaklqana.
  2660 | D:3      | Noticed Grinder
  2677 | D:3      | HP: 15/37 [Grinder (5)]
  2679 | D:3      | HP: 4/37 [Grinder (9)]
  2684 | D:3      | HP: 17/37 [Grinder (7)]
  2685 | D:3      | Paralysed by Grinder for 4 turns
  2686 | D:3      | HP: 8/37 [orc/club (2)]
  2687 | D:3      | HP: 3/37 [orc/club (4)]
  2687 | D:3      | Slain by an orc

Skill      XL: |  1  2  3  4  5 |
---------------+----------------+-----
Unarmed Combat | 4 5 |  5.0
Transmutations | 3 4 |  4.5
Fighting       | |  1.2
Dodging        | |  2.1
Spellcasting   | |  2.1

Action                   |  1- 3 |  4- 6 || total
-------------------------+-------+-------++-------
Melee: Unarmed           |   116 |    92 ||   208
       Kick              |     6 |       ||     6
       Headbutt          |     2 |     2 ||     4
       Punch             |       |     1 ||     1
 Cast: Beastly Appendage |     9 |     1 ||    10
       Spider Form       |     3 |     3 ||     6
       Sticks to Snakes  |       |     2 ||     2
 Abil: Hop               |       |     1 ||     1
  Use: Potion            |     1 |     1 ||     2
  Eat: Chunk             |     4 |     4 ||     8
Armor: Robe              |    32 |    15 ||    47
       Skin              |     1 |     5 ||     6
Dodge: Dodged            |    89 |   101 ||   190

Vault maps used:
D:1:      elethiomel_arrival_shortcut
D:2:      grunt_dithmenos_smoke_and_mirrors, serial_undead, serial_undead_b,
          serial_undead_d, serial_undead_d, serial_undead_b
D:3:      chequers_temple_overflow_statue_of_worship, uniq_grinder
